AoeStats
← GianpaMX

Coastal Forest

510465040Analyzed
3v3 RM · 19h ago on Oct 1, 2026· 58m 35s· 6 players
Game mode
Random Map
Map size
Normal (6 player)
Population
200
Speed
Normal
Resources
Standard
Victory
Conquest
Starting age
Dark Age
Ending age
Imperial Age
RankedLock teamsTeams togetherTeam positionsShared explorationLock speedFull tech treeHidden civsTurbo modeCheats
Victory
Defeat
🇺🇸 Wei · United States
1263
+13
🇺🇸 Varangians · United States
1257
+13
🇺🇸 Danes · United States
1253
+14
🇲🇽 Italians · Mexico
1210
-14
🇲🇽 Hindustanis · Mexico
1200
-13
🇲🇽 Mongols · Mexico
1192
-13
SirH
7:20 Loom
10:21 Feudal Age
10:29 Man-at-Arms
15:08 Arson
16:04 Scale Barding Armor
16:02 Scale Mail Armor
19:07 Double-Bit Axe
19:14 Horse Collar
24:53 Castle Age
23:14 Forging
23:51 Wheelbarrow
23:01 Town Watch
25:06 Gold Mining
25:21 Long Swordsman
26:03 Squires
26:25 Chain Mail Armor
27:54 Iron Casting
27:19 Stone Mining
27:25 Gambesons
29:14 Gold Shaft Mining
45:27 Heavy Plow
45:51 Hand Cart
50:48 Imperial Age
49:36 Fletching
49:39 Hamask
51:37 Stone Shaft Mining
52:19 Plate Mail Armor
52:04 Elite Varangian Guard
53:24 Town Patrol
54:36 Blast Furnace
54:20 Bow Saw
Cheario
5:07 Loom
10:42 Feudal Age
12:07 Double-Bit Axe
22:58 Castle Age
21:55 Gold Mining
22:36 Fletching
23:25 Stone Mining
23:19 Horse Collar
24:39 Bow Saw
25:06 Gold Shaft Mining
25:55 Wheelbarrow
26:34 Elite Skirmisher
27:12 Bodkin Arrow
28:13 Padded Archer Armor
29:19 Leather Archer Armor
28:36 Pikeman
29:29 Scale Mail Armor
30:50 Hand Cart
31:30 Chain Mail Armor
32:04 Crossbowman
32:50 Thumb Ring
33:01 Squires
33:43 Ballistics
34:03 Treadmill Crane
35:43 Heavy Plow
36:05 Forging
38:43 Imperial Age
36:37 Town Watch
38:19 Scale Barding Armor
38:49 Iron Casting
39:34 Chain Barding Armor
39:47 Bracer
41:39 Stone Shaft Mining
41:41 Conscription
42:04 Ring Archer Armor
42:37 Chemistry
43:09 Bloodlines
42:59 Husbandry
43:10 Halberdier
44:01 Light Cavalry
44:57 Tuntian
44:45 Heavy Hei Guang Cavalry
44:47 Hussar
47:21 Blast Furnace
49:12 Ming Guang Armor
53:21 Arson
59:25 Masonry
Mordon327
9:19 Loom
11:06 Feudal Age
12:05 Double-Bit Axe
13:34 Wheelbarrow
15:04 Town Watch
18:23 Castle Age
17:27 Bloodlines
17:18 Gold Mining
18:39 Forging
19:16 Medium Warships
23:06 Hand Cart
24:37 Fishing Lines
26:46 Iron Casting
26:18 Scale Barding Armor
26:16 Husbandry
28:37 Horse Collar
32:16 Light Cavalry
33:16 Stone Mining
39:52 Vendel Legacy
40:57 Bow Saw
46:39 Imperial Age
46:04 Chain Barding Armor
45:54 Heavy Plow
47:18 Stone Shaft Mining
48:33 Blast Furnace
48:08 Plate Barding Armor
47:16 Cavalier
49:36 Hussar
51:28 Crop Rotation
52:38 Town Patrol
55:25 Two-Man Saw
55:34 Conscription
GianpaMX
7:35 Loom
9:24 Feudal Age
10:02 Double-Bit Axe
12:07 Loom
12:42 Horse Collar
15:49 Wheelbarrow
15:14 Fishing Lines
15:45 Gold Mining
24:05 Castle Age
23:14 Bloodlines
23:15 Forging
25:38 Medium Warships
25:44 Husbandry
28:32 Hand Cart
30:23 Scale Barding Armor
31:07 Gold Shaft Mining
30:21 Town Watch
32:00 Iron Casting
35:09 Chain Barding Armor
37:30 Bow Saw
46:26 Stone Mining
53:20 Stone Shaft Mining
59:46 Imperial Age
Hogos
7:41 Loom
10:09 Feudal Age
10:39 Double-Bit Axe
11:23 Horse Collar
21:11 Castle Age
21:30 Bloodlines
22:17 Bow Saw
23:02 Wheelbarrow
22:13 Town Watch
23:15 Scale Barding Armor
23:20 Forging
26:48 Heavy Plow
27:36 Gold Mining
27:57 Fletching
29:35 Bodkin Arrow
32:25 Padded Archer Armor
35:12 Imperial Age
34:35 Silk Road
36:27 Bracer
36:44 Thumb Ring
36:30 Elite Genoese Crossbowman
37:51 Light Cavalry
39:00 Ballistics
39:45 Hussar
40:25 Husbandry
40:43 Hand Cart
42:27 Chain Barding Armor
42:43 Iron Casting
44:30 Chemistry
48:07 Plate Barding Armor
48:33 Blast Furnace
47:48 Leather Archer Armor
54:38 Conscription
57:53 Ring Archer Armor
58:48 Hoardings
goji_1111
7:25 Loom
9:40 Feudal Age
10:15 Double-Bit Axe
13:52 Bloodlines
17:33 Fletching
18:07 Padded Archer Armor
18:47 Horse Collar
21:26 Gold Mining
26:46 Castle Age
26:18 Wheelbarrow
26:51 Crossbowman
27:39 Thumb Ring
27:51 Leather Archer Armor
27:58 Pikeman
29:05 Bow Saw
29:51 Bodkin Arrow
30:07 Forging
33:48 Hand Cart
Connection lost

Rejoining the realm…

Still unreachable

The connection could not be restored.

Session expired

The server has moved on; the page needs a fresh start.